 Dungeon Crawl Stone Soup version 0.29.0-4-gdea44cf6ec (webtiles) character file.

Game seed: 1427545828607437669

90 qw the Chopper (level 4, 0/26 HPs)
             Began as a Tengu Warper on Aug 28, 2022.
             Killed from afar by a white imp (5 damage)
             ... with a puff of frost
             ... summoned by Natasha
             ... on level 2 of the Dungeon.
             The game lasted 00:00:08 (1757 turns).

qw the Chopper (Tengu Warper)                       Turns: 1757, Time: 00:00:09

Health: 0/26       AC:  8    Str: 13    XL:     4   Next: 56%
Magic:  8/8        EV:  5    Int: 14    God:
Gold:   102        SH:  3    Dex: 13    Spells: 7/7 levels left

rFire   . . .      SeeInvis .   Y - +0 hand axe
rCold   . . .      Faith    .   a - +0 buckler
rNeg    . . .      Spirit   .   e - +0 chain mail
rPois   .          Reflect  .   (helmet restricted)
rElec   .          Harm     .   (no cloak)
rCorr   .          Rampage  .   (no gloves)
Will    .....                   (boots unavailable)
Stlth   ..........              h - amulet of regeneration
HPRegen 0.88/turn               (no ring)
MPRegen 0.11/turn               (no ring)

@: about to teleport, slowed, very slow
A: beak, talons 3
a: no special abilities


You were on level 2 of the Dungeon.
You visited 1 branch of the dungeon, and saw 2 of its levels.

You collected 102 gold pieces.


Innate Abilities, Weirdness & Mutations

You have a beak for a mouth.
You have claws for feet.


   Skills:
 - Level 2.0 Fighting
 - Level 5.1 Axes
 - Level 1.0 Throwing
 - Level 1.1 Armour
 - Level 2.1 Dodging
 + Level 0.0 Shields
 - Level 2.0 Spellcasting
 - Level 2.4 Translocations


You had 7 spell levels left.
You didn't know any spells.
Your spell library contained the following spells:

 Spells                   Type           Power      Damage    Failure   Level
 Blink                    Tloc           16%        N/A       100%        2
 Gell's Gravitas          Tloc           8%         N/A       100%        3
 Lesser Beckoning         Tloc           8%         N/A       100%        3
 Teleport Other           Tloc           8%         N/A       100%        3
 Manifold Assault         Tloc           8%         N/A       100%        5

Inventory:

Hand Weapons
 d - a +0 club
 Y - a +0 hand axe (weapon)
Armour
 a - a +0 buckler (worn)
 e - a +0 chain mail (worn)
Jewellery
 h - an amulet of regeneration (around neck)
Scrolls
 b - a scroll of teleportation
 j - a scroll of identify
Potions
 c - a potion of haste
 g - a potion of cancellation {unknown}
 k - a potion of degeneration {unknown}
 l - a potion of curing {unknown}

Dungeon Overview and Level Annotations

Branches:
Dungeon (2/15)

Altars:

Annotations:
D:2 Natasha


Message History

You block Natasha's attack.
You closely miss Natasha.
Natasha stares at you and mumbles some strange words.
The magic dart hits you.
You closely miss Natasha. Your peck misses Natasha.
Natasha extends her claws.
Natasha claws you but does no damage.
You hit Natasha. Your kick misses Natasha.
Natasha is lightly wounded.
Natasha wildly gestures.
Natasha shimmers violently.
Natasha closely misses you.
You hit Natasha but do no damage.
Natasha is lightly wounded.
Natasha casts a spell at you.
You feel yourself slow down.
You closely miss Natasha. You claw Natasha!
Natasha is heavily wounded.
Natasha barely misses you.
Natasha mumbles some strange words.
You hit Natasha.
Natasha is severely wounded.
You closely miss the white imp. Natasha claws you.
The white imp gestures at you. The puff of frost hits you! Natasha claws you.
You hit Natasha. Your kick misses Natasha.
Natasha is almost dead.
You hit the white imp but do no damage. The white imp hits you.
The white imp freezes you. Natasha casts a spell at you.
You resist with some effort.
The white imp shouts, "Return whence thou came, thou loggerheaded toenail-biting bum-bailey!"
The white imp hits you but does no damage.
1757 ||| READING 2 scrolls of teleportation.
As you read the scroll of teleportation, it crumbles to dust.
You feel strangely unstable.
Natasha mumbles some strange words.
The white imp gestures at you. The puff of frost hits you.
You die...

.......#..#.#.###..#.#.......##
.....#.#..#.#......#.#.......#
...#......#.#..........###..##
..........#.#....#.#.#.###..#
...#......#.####.#.#.#......#
...'........#..............##
####....#####.##5#+#.....>#####
...'....'...#.#h..............###
####....##.##.##@.........###....
# #....##......'.5...#......#....
# #.....#..###.#....##.##..##....
# #.##..#..# #.#....##.#...##....
# #.##..#..# #.#....##.#...##.###
# ####..#..# #.#....##.#...##.# #
#..#..# #.#....##.#.#.##.# #
#..#..###.#....'...<.....###
######..#......#....##.###.......


You could see Natasha and 2 white imps.

Vanquished Creatures
  Natasha (twice) (D:2)
  An adder (D:2)
  A worm (D:2)
  A dart slug (D:1)
  An endoplasm (D:1)
  2 goblins (D:1)
  3 hobgoblins
  2 kobolds
  4 quokkas
  2 ball pythons (D:1)
  A bat (D:2)
  4 frilled lizards (D:1)
  5 rats (D:1)
29 creatures vanquished.

Notes
Turn   | Place    | Note
-------+----------+-------------------------------------------
     0 | D:1      | qw the Tengu Warper began the quest for the Orb.
     0 | D:1      | Reached XP level 1. HP: 12/12 MP: 4/4
     0 | D:1      | 0 ||| qw: Version: 0.1-a-89-g26bdef1
     0 | D:1      | 0 ||| qw: Game counter: 3057
     0 | D:1      | 0 ||| qw: Always use a shield: true
     0 | D:1      | 0 ||| qw: God list: Okawaru
     0 | D:1      | 0 ||| qw: Allow faded altars: false
     0 | D:1      | 0 ||| qw: Do Orc after D:15 true
     0 | D:1      | 0 ||| qw: Do second Lair branch before Depths: true
     0 | D:1      | 0 ||| qw: Lair rune preference: random
     0 | D:1      | 0 ||| qw: Plans: Normal
     0 | D:1      | 0 ||| PLANNING D:1-11
   158 | D:1      | 158 ||| Stepping ~*~*~tactically~*~*~ (stealth).
   170 | D:1      | 170 ||| Stepping ~*~*~tactically~*~*~ (stealth).
   174 | D:1      | 174 ||| Stepping ~*~*~tactically~*~*~ (stealth).
   177 | D:1      | 177 ||| Stepping ~*~*~tactically~*~*~ (stealth).
   183 | D:1      | Reached skill level 3 in Axes
   183 | D:1      | Reached XP level 2. HP: 13/17 MP: 6/6
   297 | D:1      | 297 ||| Stepping ~*~*~tactically~*~*~ (hiding).
   849 | D:1      | Found a faded altar of an unknown god.
   855 | D:1      | 855 ||| UPGRADING to +0 chain mail.
   865 | D:1      | 865 ||| DROPPING +0 leather armour.
   866 | D:1      | 866 ||| UPGRADING to amulet of regeneration.
   871 | D:1      | 871 ||| READING scroll labelled JURUOTR MU NODDA.
   875 | D:1      | 875 ||| READING scroll labelled HIDYOSU GAGA.
   876 | D:1      | 876 ||| READING 2 scrolls labelled QYBATREITT.
   877 | D:1      | 877 ||| DROPPING scroll of blinking.
  1011 | D:2      | Reached XP level 3. HP: 20/21 MP: 7/7
  1170 | D:2      | Reached skill level 4 in Axes
  1199 | D:2      | Noticed Natasha
  1205 | D:2      | Killed Natasha
  1566 | D:2      | Reached XP level 4. HP: 26/26 MP: 8/8
  1673 | D:2      | Noticed Natasha
  1675 | D:2      | 1675 ||| Stepping ~*~*~tactically~*~*~ (hiding).
  1684 | D:2      | Killed Natasha
  1685 | D:2      | Reached skill level 5 in Axes
  1723 | D:2      | 1723 ||| UPGRADING to +0 buckler.
  1728 | D:2      | 1728 ||| READING 2 scrolls of identify.
  1728 | D:2      | 1728 ||| IDENTIFYING silvery potion
  1744 | D:2      | Noticed Natasha
  1756 | D:2      | HP: 4/26 [white imp[Natasha] (3)]
  1757 | D:2      | 1757 ||| READING 2 scrolls of teleportation.
  1757 | D:2      | Killed from afar by a white imp

Levels and vault maps discovered:
D:1:      dpeg_arrival_ratfight, layout_loops_ring, basic_ecumenical_altar,
          st_stairs_5
D:2:      layout_basic, uniq_natasha

Skill      XL: |  1  2  3  4 |
---------------+-------------+-----
Axes           | 3 4 5 |  5.1
Fighting       | |  2.0
Throwing       | |  1.0
Armour         | |  1.1
Dodging        | |  2.1
Spellcasting   | |  2.0
Translocations | |  2.4

Action                   |  1- 3 |  4- 6 || total
-------------------------+-------+-------++-------
Melee: Hand axe          |    54 |    18 ||    72
       Kick              |    17 |     2 ||    19
       Peck              |     6 |       ||     6
Throw: Boomerang         |     7 |       ||     7
  Use: Scroll            |     3 |     2 ||     5
Armor: Leather armour    |     3 |       ||     3
       Chain mail        |     6 |     5 ||    11
Dodge: Dodged            |    15 |     7 ||    22
Block: Buckler           |       |     1 ||     1

Table legend:
 A = Non-vault XP
 B = Vault XP
 C = Vault XP percentage of total XP
 D = Non-vault monster count
 E = Vault monster count
 F = Vault count percentage of total count
                 A         B        C        D         E       F
            +---------+---------+-------+---------+---------+-------
      Total |      83 |      46 |  35.7 |      21 |       8 |  27.6
            +---------+---------+-------+---------+---------+-------
        D:1 |      19 |      11 |  36.7 |      12 |       7 |  36.8
        D:2 |      64 |      35 |  35.4 |       9 |       1 |  10.0
            +---------+---------+-------+---------+---------+-------
